 Dungeon Crawl Stone Soup version 0.22-b1-26-g9dbaab1 (webtiles) character file.

38 zishaf the Digger (level 3, -1/26 HPs)
             Began as a Formicid Earth Elementalist on Aug 8, 2018.
             Slain by a hobgoblin
             ... wielding a +0 club
              (6 damage)
             ... on level 2 of the Dungeon.
             The game lasted 00:02:45 (1162 turns).

zishaf the Digger (Formicid Earth Elementalist)     Turns: 1162, Time: 00:02:45

Health: -1/26      AC:  2    Str: 19    XL:     3   Next: 65%
Magic:  6/6        EV: 12    Int: 14    God:
Gold:   22         SH:  0    Dex: 11    Spells: 5/6 levels left

rFire    . . .     SeeInvis +   b - +0 hunting sling
rCold    . . .     Gourm    .   (no shield)
rNeg     . . .     Faith    .   c - +0 robe
rPois    .         Spirit   .   (helmet unavailable)
rElec    .         Reflect  .   (no cloak)
rCorr    .         Harm     .   (no gloves)
MR       .....                  (no boots)
Stlth    ++........             (no amulet)
HPRegen  0.08/turn              p - +6 ring of strength
MPRegen  0.10/turn              (no ring)

@: no status effects
A: permanent stasis, dig shafts and tunnels, four strong arms, antennae 3
a: Dig, Shaft Self


You were on level 2 of the Dungeon.
You were not hungry.

You visited 1 branch of the dungeon, and saw 2 of its levels.

You collected 22 gold pieces.

Inventory:

Hand Weapons
 a - a +3 dagger of venom
 b - a +0 hunting sling (weapon)
Missiles
 i - 35 stones
 n - 17 sling bullets (quivered)
Armour
 c - a +0 robe (worn)
 e - a +0 ring mail
Jewellery
 p - a +6 ring of strength (left hand)
Scrolls
 f - a scroll of remove curse {unknown}
 g - 2 scrolls of identify {unknown}
 j - 2 scrolls of teleportation {unknown}
 k - a scroll of immolation {unknown}
Potions
 h - a potion of might {unknown}
 l - a potion of invisibility {unknown}
Comestibles
 d - 3 rations
 m - 2 chunks of flesh


   Skills:
 + Level 1.5 Fighting
 - Level 2.0 Dodging
 - Level 2.4 Stealth
 - Level 2.1 Spellcasting
   Level 1.1 Transmutations
 * Level 4.7 Earth Magic


You had 5 spell levels left.
You knew the following spells:

 Your Spells              Type           Power        Failure   Level  Hunger
a - Sandblast             Erth           ##....       3%          1    #......

Your spell library contained the following spells:

 Spells                   Type           Power        Failure   Level  Hunger
 Stone Arrow              Conj/Erth      #.....       26%         3    ###....
 Passwall                 Tmut/Erth      #.......     11%         2    ###....
 Lee's Rapid Deconstruct  Erth           ##........   67%         5    ######.
 Petrify                  Tmut/Erth      #.......     56%         4    #####..


Dungeon Overview and Level Annotations

Branches:
Dungeon (2/15)

Altars:

Annotations:
D:2 Robin


Innate Abilities, Weirdness & Mutations

You cannot be hasted, slowed, berserked, paralysed or teleported.
You can dig through walls and to a lower floor.
Your four strong arms can wield two-handed weapons with a shield.
You have a pair of large antennae on your head. (SInv)


Message History

The sling bullet barely misses the goblin.
The goblin shoots a sling bullet.
The sling bullet hits you.
* * * LOW HITPOINT WARNING * * *
Firing (i - inventory. (/) - cycle)
n - 18 sling bullets (quivered)
Press: ? - help, Shift-Dir - straight line, f/p - goblin
Aim: a goblin, wielding a hunting sling (unusually strong)
You shoot a sling bullet.
The sling bullet barely misses the goblin.
The goblin shoots a sling bullet.
The sling bullet barely misses you.
The goblin no longer looks unusually strong.
The goblin closely misses you. The goblin barely misses you.
Found an escape hatch in the ceiling.
A quokka and a hobgoblin come into view.
The hobgoblin shouts!
You hear a shout!
The goblin shoots a sling bullet.
The sling bullet hits you.
* * * LOW HITPOINT WARNING * * *
You see here a sling bullet.
The hobgoblin hits you with a club.
You die...

# #####.{# #......# #
#.....{# #.###### #
#.###..# #.#....# #
#..########.#.##.#
##...##..g...<..#.#^.#.#
........$.......#.##.#.#
. .....#.###....#....#.#
(........# #...(######.#
†(.....#.# #...g@......#
.(...##.# ##.rg.......#
#...# #.# #..####<...#
.# #. #..# ##.#.# ....#
#.#.# ###.## ....# #.
##...# ##... ..##


You could see a quokka (wandering), a hobgoblin and 2 goblins.

Vanquished Creatures
  2 oozes (D:1)
  3 dart slugs (D:1)
  2 goblins
  2 hobgoblins
  5 jackals
  A quokka (D:2)
  5 kobolds (D:1)
  3 rats (D:1)
23 creatures vanquished.

Notes
Turn   | Place    | Note
-------+----------+-------------------------------------------
     0 | D:1      | zishaf the Formicid Earth Elementalist began the quest for the Orb.
     0 | D:1      | Reached XP level 1. HP: 13/13 MP: 3/3
   211 | D:1      | Reached skill level 4 in Earth Magic
   211 | D:1      | Reached XP level 2. HP: 20/20 MP: 5/5
   335 | D:1      | Reached skill level 1 in Fighting
   339 | D:1      | Reached XP level 3. HP: 6/26 MP: 6/6
  1123 | D:2      | Noticed Robin
  1162 | D:2      | Slain by a hobgoblin

Skill      XL: |  1  2 |
---------------+-------+-----
Dodging        | 2 |  2.0
Earth Magic    | 4 |  4.7
Fighting       | 1 |  1.5
Stealth        | |  2.4
Spellcasting   | |  2.1
Transmutations | |  1.1

Action                   || total
-------------------------++-------
Melee: Dagger            ||    12
 Fire: Hunting sling     ||    45
 Cast: Sandblast         ||     7
 Stab: Sleeping          ||     1
  Eat: Chunk             ||     1
Armor: Robe              ||     4
Dodge: Dodged            ||    19
